 Dungeon Crawl Stone Soup version 0.29.0-4-gdea44cf6ec (webtiles) character file.

Game seed: 7777586958602015241

92 qw the Ruffian (level 4, -1/35 HPs)
             Began as a Ghoul Fire Elementalist on Aug 29, 2022.
             Slain by an orc
             ... wielding a +0 hand axe
              (3 damage)
             ... on level 3 of the Dungeon.
             The game lasted 00:02:28 (2659 turns).

qw the Ruffian (Ghoul Fire Elementalist)            Turns: 2659, Time: 00:02:29

Health: -1/35      AC:  3    Str: 13    XL:     4   Next: 60%
Magic:  5/5        EV: 11    Int: 10    God:
Gold:   100        SH:  2    Dex:  9    Spells: 5/6 levels left

rFire   . . .      SeeInvis .     - Unarmed
rCold   + . .      Faith    .   f - +0 buckler
rNeg    + + +      Spirit   .   e - +0 leather armour
rPois   inf        Reflect  .   (no helmet)
rElec   .          Harm     .   (no cloak)
rCorr   .          Rampage  .   (no gloves)
Will    .....                   (no boots)
Stlth   +.........              (no amulet)
HPRegen 0.00/turn               (no ring)
MPRegen 0.09/turn               (no ring)

@: inhibited regen
A: claws 1, cold resistance 1, negative energy resistance 3, inhibited
regeneration, torment resistance 2, devour on kill
a: no special abilities


You were on level 3 of the Dungeon.
You visited 1 branch of the dungeon, and saw 3 of its levels.

You collected 100 gold pieces.


Innate Abilities, Weirdness & Mutations

You are immune to poison.
You have sharp fingernails.
Your flesh is cold resistant. (rC+)
You are immune to negative energy. (rN+++)
You do not regenerate when monsters are visible.
You are immune to unholy pain and torment.
You thrive by killing the living.


   Skills:
 + Level 1.4 Fighting
 - Level 1.7 Dodging
 - Level 2.1 Stealth
 - Level 4.1 Unarmed Combat
 - Level 1.7 Spellcasting
 - Level 0.7 Conjurations
 - Level 2.4 Fire Magic


You had 5 spell levels left.
You knew the following spells:

 Your Spells              Type           Power      Damage    Failure   Level
a - Foxfire               Conj/Fire      16%        2x1d4     30%         1

Your spell library contained the following spells:

 Spells                   Type           Power      Damage    Failure   Level
 Scorch                   Fire           10%        2d6       32%         2
 Conjure Flame            Conj/Fire      4%         6-21      65%         3
 Inner Flame              Hex/Fire       3%         N/A       71%         3
 Flame Wave               Conj/Fire      4%         2d5       96%         4

Inventory:

Armour
 a - a +0 ring mail
 e - a +0 leather armour (worn)
 f - a +0 buckler (worn)
Jewellery
 h - a ring of ice
Potions
 b - a potion of resistance
 c - a potion of curing {unknown}
 d - a potion of haste {unknown}
 g - a potion of brilliance {unknown}
 k - a potion of heal wounds {unknown}

Dungeon Overview and Level Annotations

Branches:
Dungeon (3/15)

Altars:


Message History

You barely miss the orc wizard. The orc closely misses you.
The orc wizard hits you with a +0 dagger.
An orc comes into view. It is wielding a +0 mace.
You scratch the orc wizard but do no damage.
The orc hits you but does no damage.
The orc wizard hits you with a +0 dagger.
You closely miss the orc wizard. The orc barely misses you.
The orc wizard casts a spell at you.
You are confused.
The orc attacks as you move away! The orc hits you with a +0 hand axe.
The orc wizard attacks as you move away!
The orc wizard hits you with a +0 dagger.
The orc attacks as you move away! The orc hits you with a +0 hand axe.
You miss the orc wizard. The orc closely misses you.
You closely miss the orc wizard. The orc hits you but does no damage.
The orc wizard hits you but does no damage.
The orc barely misses you.
You claw the orc!
You kill the orc!
The orc hits you with a +0 hand axe! The orc wizard completely misses you.
You're too confused to move!
The orc hits you with a +0 hand axe.
The orc wizard hits you but does no damage.
You're too confused to move!
You feel less confused. The orc closely misses you.
The orc wizard hits you but does no damage.
You closely miss the orc wizard. The orc wizard barely misses you.
The orc barely misses you.
You closely miss the orc wizard.
The orc wizard hits you with a +0 dagger.
The orc hits you with a +0 hand axe.
You scratch the orc wizard.
The orc wizard is moderately wounded.
The orc wizard closely misses you. The orc hits you with a +0 hand axe.
You die...

.77 # 77.77 ###
7...77 ..# 7....7 ###
#....#
#....######+###
#.....#.#.....#
#.......'..o@.#
##.#.#.###..)o.# #
#....#.##.....##
####..#...##.....#
..##..#.####.........
.....<#.# #.....###oo
#.......####.....#
#.##.............#
.........#######.#


You could see an orc wizard and an orc.

Vanquished Creatures
  Terence (D:3)
  2 worms (D:2)
  A dart slug (D:1)
  An orc (D:3)
  5 endoplasms
  A giant cockroach (D:1)
  8 goblins
  6 hobgoblins
  2 quokkas
  6 ball pythons
  7 bats
  4 frilled lizards
  6 kobolds
  4 rats
54 creatures vanquished.

Notes
Turn   | Place    | Note
-------+----------+-------------------------------------------
     0 | D:1      | qw the Ghoul Fire Elementalist began the quest for the Orb.
     0 | D:1      | Reached XP level 1. HP: 14/14 MP: 2/2
     0 | D:1      | 0 ||| qw: Version: 0.1-a-90-g952f4b7
     0 | D:1      | 0 ||| qw: Game counter: 3764
     0 | D:1      | 0 ||| qw: Always use a shield: true
     0 | D:1      | 0 ||| qw: God list: Okawaru
     0 | D:1      | 0 ||| qw: Allow faded altars: false
     0 | D:1      | 0 ||| qw: Do Orc after D:15 true
     0 | D:1      | 0 ||| qw: Do second Lair branch before Depths: true
     0 | D:1      | 0 ||| qw: Lair rune preference: random
     0 | D:1      | 0 ||| qw: Plans: Normal
     0 | D:1      | 0 ||| PLANNING D:1-11
    10 | D:1      | 10 ||| Stepping ~*~*~tactically~*~*~ (stealth).
    17 | D:1      | 17 ||| Stepping ~*~*~tactically~*~*~ (stealth).
    19 | D:1      | 19 ||| Stepping ~*~*~tactically~*~*~ (stealth).
   130 | D:1      | Reached skill level 1 in Unarmed Combat
   165 | D:1      | Reached XP level 2. HP: 18/22 MP: 3/3
   224 | D:1      | Reached skill level 1 in Fighting
   225 | D:1      | 225 ||| Stepping ~*~*~tactically~*~*~ (stealth).
   228 | D:1      | 228 ||| Stepping ~*~*~tactically~*~*~ (stealth).
   230 | D:1      | 230 ||| Stepping ~*~*~tactically~*~*~ (stealth).
   231 | D:1      | 231 ||| Stepping ~*~*~tactically~*~*~ (stealth).
   236 | D:1      | 236 ||| Stepping ~*~*~tactically~*~*~ (stealth).
   238 | D:1      | 238 ||| Stepping ~*~*~tactically~*~*~ (stealth).
   241 | D:1      | 241 ||| Stepping ~*~*~tactically~*~*~ (outnumbered).
   242 | D:1      | 242 ||| Stepping ~*~*~tactically~*~*~ (outnumbered).
   243 | D:1      | 243 ||| Stepping ~*~*~tactically~*~*~ (outnumbered).
   244 | D:1      | 244 ||| Stepping ~*~*~tactically~*~*~ (outnumbered).
   245 | D:1      | 245 ||| Stepping ~*~*~tactically~*~*~ (outnumbered).
   493 | D:1      | Reached skill level 2 in Unarmed Combat
   511 | D:1      | 511 ||| Stepping ~*~*~tactically~*~*~ (outnumbered).
   512 | D:1      | 512 ||| Stepping ~*~*~tactically~*~*~ (outnumbered).
   513 | D:1      | 513 ||| Stepping ~*~*~tactically~*~*~ (outnumbered).
   515 | D:1      | 515 ||| Stepping ~*~*~tactically~*~*~ (outnumbered).
   609 | D:1      | Reached XP level 3. HP: 28/28 MP: 4/4
   916 | D:1      | 916 ||| Stepping ~*~*~tactically~*~*~ (hiding).
  1112 | D:1      | 1112 ||| UPGRADING to +0 buckler.
  1117 | D:1      | 1117 ||| READING scroll labelled TIEXAP OPLOMA.
  1121 | D:1      | 1121 ||| READING scroll labelled TORUEZ KOTSANT.
  1122 | D:1      | 1122 ||| DROPPING potion of magic.
  1145 | D:2      | Reached skill level 3 in Unarmed Combat
  1145 | D:2      | 1145 ||| STAIRDANCE
  1368 | D:2      | 1368 ||| Stepping ~*~*~tactically~*~*~ (stealth).
  1993 | D:2      | Reached XP level 4. HP: 35/35 MP: 5/5
  2142 | D:2      | 2142 ||| UPGRADING to +0 leather armour.
  2152 | D:2      | 2152 ||| DROPPING +0 robe.
  2153 | D:2      | 2153 ||| DROPPING ring of magical power.
  2154 | D:2      | 2154 ||| READING scroll labelled CEONYQ AMOTOLI.
  2155 | D:2      | 2155 ||| READING scroll labelled WAFOIR POIPP.
  2156 | D:2      | 2156 ||| READING scroll labelled CEDOZ WIJEZODGH.
  2157 | D:2      | 2157 ||| DRINKING 2 dark potions.
  2187 | D:3      | Noticed Terence
  2202 | D:3      | HP: 7/35 [Terence/+0 flail (11)]
  2205 | D:3      | Killed Terence
  2206 | D:3      | Reached skill level 4 in Unarmed Combat
  2639 | D:3      | 2639 ||| Stepping ~*~*~tactically~*~*~ (hiding).
  2642 | D:3      | 2642 ||| Stepping ~*~*~tactically~*~*~ (hiding).
  2655 | D:3      | HP: 8/35 [orc/+0 hand axe (6)]
  2658 | D:3      | HP: 2/35 [orc/+0 hand axe (5)]
  2659 | D:3      | Slain by an orc

Levels and vault maps discovered:
D:1:      erik_arrival_blinker_ship, layout_loops_ring
D:2:      layout_loops_ring
D:3:      layout_basic, uniq_terence, uniq_crazy_yiuf_cottage, uniq_jessica

Skill      XL: |  1  2  3  4 |
---------------+-------------+-----
Unarmed Combat | 1 2 3 4 |  4.1
Fighting       | 1 |  1.4
Dodging        | |  1.7
Stealth        | |  2.1
Spellcasting   | |  1.7
Conjurations   | |  0.7
Fire Magic     | |  2.4

Action                   |  1- 3 |  4- 6 || total
-------------------------+-------+-------++-------
Melee: Unarmed           |   146 |    34 ||   180
       Punch             |     2 |       ||     2
  Use: Scroll            |     2 |     3 ||     5
       Potion            |       |     1 ||     1
 Stab: Sleeping          |     1 |       ||     1
Armor: Robe              |    17 |       ||    17
       Leather armour    |       |     6 ||     6
Dodge: Dodged            |    81 |    19 ||   100
Block: Buckler           |     2 |     1 ||     3

Table legend:
 A = Non-vault XP
 B = Vault XP
 C = Vault XP percentage of total XP
 D = Non-vault monster count
 E = Vault monster count
 F = Vault count percentage of total count
                 A         B        C        D         E       F
            +---------+---------+-------+---------+---------+-------
      Total |      96 |      36 |  27.3 |      53 |       1 |   1.9
            +---------+---------+-------+---------+---------+-------
        D:1 |      53 |       0 |   0.0 |      31 |       0 |   0.0
        D:2 |      32 |       0 |   0.0 |      16 |       0 |   0.0
        D:3 |      11 |      36 |  76.6 |       6 |       1 |  14.3
            +---------+---------+-------+---------+---------+-------
